 Dungeon Crawl Stone Soup version 0.29-a0-668-g12ee2bf84d (webtiles) character file.

Game seed: 477611961393972461

19 blackman the Sneak (level 2, -2/24 HPs)
             Began as a Human Delver on June 23, 2022.
             Was an Initiate of Elyvilon.
             Slain by a gnoll
             ... wielding a +0 whip
             ... led by a gnoll shaman
              (4 damage)
             ... on level 4 of the Dungeon.
             The game lasted 00:03:45 (459 turns).

blackman the Sneak (Human Delver)                    Turns: 459, Time: 00:03:46

Health: -2/24      AC:  3    Str: 12    XL:     2   Next: 95%
Magic:  2/2        EV: 12    Int: 10    God:    Elyvilon [......]
Gold:   9          SH:  0    Dex: 14    Spells: 1/1 levels left

rFire   . . .      SeeInvis .   h - +0 halberd
rCold   . . .      Faith    .   (shield currently unavailable)
rNeg    . . .      Spirit   .   b - +0 leather armour
rPois   .          Reflect  .   (no helmet)
rElec   .          Harm     .   (no cloak)
rCorr   .          Rampage  .   (no gloves)
Will    .....                   (no boots)
Stlth   +++.......              (no amulet)
HPRegen 0.08/turn               (no ring)
MPRegen 0.08/turn               (no ring)

@: no status effects
A: no striking features
a: Renounce Religion


You were on level 4 of the Dungeon.
You worshipped Elyvilon.
Elyvilon was noncommittal.
You visited 2 branches of the dungeon, and saw 3 of its levels.

You collected 9 gold pieces.

Inventory:

Hand Weapons
 a - a +0 spear
 h - a +0 halberd (weapon)
Missiles
 i - 2 throwing nets (quivered)
Armour
 b - a +0 leather armour (worn)
Wands
 g - a wand of digging (2)
Scrolls
 c - a scroll of fog
 d - a scroll of blinking {unknown}
 e - a scroll of fear
Potions
 f - a potion of haste


   Skills:
 - Level 3.0 Fighting
 * Level 1.8(2.4) Axes
 + Level 2.4(2.7) Polearms
 - Level 2.0 Dodging
 - Level 5.0 Stealth


You had one spell level left.
You didn't know any spells.
Your spell library was empty.

Dungeon Overview and Level Annotations

Branches:
Dungeon (5/15)             Temple (1/1) D:5

Altars:
Ashenzari
Cheibriados
Elyvilon
Fedhas
Gozag
Hepliaklqana
Nemelex Xobeh
Qazlal
Ru
Trog
Uskayaw
Vehumet
Xom
Yredelemnul
The Shining One


Message History

g - Guard the area. f - Follow me.
Anything else - Cancel.
Guard this area!
Unknown command.
Unknown command.
There are no items here.
Unknown command.
Things that are here:
a +0 halberd; 2 throwing nets; a gnoll corpse
h - a +0 halberd;
i - 2 throwing nets The gnoll shouts!
h - a +0 halberd (weapon)
No target in view!
You reach to attack!
You hit the gnoll but do no damage. You hit the gnoll.
The gnoll is lightly wounded.
The gnoll closely misses you. The gnoll hits you with a +0 whip.
You barely miss the gnoll.
The gnoll is lightly wounded.
The gnoll closely misses you.
A gnoll comes into view. It is wielding a +0 halberd.
You barely miss the gnoll.
The gnoll is lightly wounded.
The gnoll hits you with a +0 whip.
You closely miss the gnoll.
The gnoll is lightly wounded.
The gnoll hits you with a +0 whip. x2
You are too injured to fight recklessly!
You hit the gnoll but do no damage.
The gnoll is lightly wounded.
The gnoll hits you with a +0 whip.
* * * LOW HITPOINT WARNING * * *
You slash the gnoll!
The gnoll is severely wounded.
The gnoll hits you with a +0 whip.
* * * LOW HITPOINT WARNING * * *
You completely miss the gnoll.
The gnoll is severely wounded.
The gnoll hits you but does no damage. The gnoll hits you with a +0 whip.
You die...

.......#)...##..........
.......#................
.......+................
.......#....####'###....
.......#....##...###....
..g....#....'....#......
.......#######...#......
#g.....#...#......
#@.....#...#......
#.)....#...##.....
#>.....#...##.....
#......'..........
######......#..........
#.....#######..........
#.....#....##...#######
#.....#....####'###
#.....#....'......#


You could see a gnoll.

Vanquished Creatures
  A gnoll (D:4)
  2 orcs
  A ball python (D:4)
  A giant cockroach (D:4)
  2 jackals (D:4)
7 creatures vanquished.

Notes
Turn   | Place    | Note
-------+----------+-------------------------------------------
     0 | D:5      | blackman the Human Delver began the quest for the Orb.
     0 | D:5      | Reached XP level 1. HP: 18/18 MP: 1/1
    14 | D:5      | Found a staircase to the Ecumenical Temple.
    48 | Temple   | Entered the Ecumenical Temple
   226 | Temple   | Became a worshipper of Elyvilon the Healer
   282 | D:5      | Noticed a gnoll shaman
   316 | D:4      | Reached skill level 1 in Axes
   357 | D:4      | Reached XP level 2. HP: 23/24 MP: 2/2
   459 | D:4      | Slain by a gnoll

Illustrated notes

Levels and vault maps discovered:
D:4:      layout_gridville, uniq_ijyb
D:5:      layout_loops_ring, minmay_temple_entry_junction_2, minivault_23,
          grunt_decor_arrowhead, dk_noncrumbling_3, minmay_misc_feat_tower,
          lightli_minifort
Temple:   bh_familiar_temple

Skill      XL: |  1 |
---------------+----+-----
Axes           | 1 |  1.8
Fighting       | |  3.0
Polearms       | |  2.4
Dodging        | |  2.0
Stealth        | |  5.0

Action                   || total
-------------------------++-------
Melee: Spear             ||    25
       Halberd           ||     8
Evoke: Wand              ||     1
  Use: Scroll            ||     1
 Stab: Sleeping          ||     3
Armor: Leather armour    ||     6
Dodge: Dodged            ||    23

Table legend: (Time is in decaauts)
 A = Elapsed time spent in this place.
 B = Non-inter-level travel time spent in this place.
 C = Inter-level travel time spent in this place.
 D = Time resting spent in this place.
 E = Time spent auto-exploring this place.
 F = Levels seen in this place.
 G = Mean time per level.
                   A        B        C        D        E       F      G
               +--------+--------+--------+--------+--------+-----+--------+
         Total |    460 |    401 |     59 |      0 |    155 |   3 |  153.3 |
       Dungeon |    246 |    243 |      3 |      0 |      2 |   2 |  123.0 |
        Temple |    214 |    158 |     56 |      0 |    153 |   1 |  214.0 |
               +--------+--------+--------+--------+--------+-----+--------+

Top non-repeatable levels by time:
  Temple: 214 daAuts
     D:4: 170 daAuts
     D:5: 75 daAuts
